 Dungeon Crawl Stone Soup version 0.23-a0-643-g9ccc95a (webtiles) character file.

445 Firecrotchwizard the Chopper (level 7, -1/61 HPs)
             Began as a Hill Orc Fighter on Dec 31, 2018.
             Was a Follower of Makhleb.
             Slain by Menkaure (11 damage)
             ... on level 4 of the Dungeon.
             The game lasted 00:05:49 (2894 turns).

Firecrotchwizard the Chopper (Hill Orc Fighter)     Turns: 2894, Time: 00:05:50

Health: -1/61      AC: 10    Str: 21    XL:     7   Next: 3%
Magic:  16/16      EV:  5    Int:  8    God:    Makhleb [*.....]
Gold:   114        SH: 10    Dex: 10    Spells: 6/6 levels left

rFire    . . .     SeeInvis .   a - +0 war axe
rCold    . . .     Gourm    .   c - +0 shield
rNeg     . . .     Faith    .   x - +0 chain mail
rPois    .         Spirit   .   i - +0 helmet
rElec    .         Reflect  .   (no cloak)
rCorr    .         Harm     .   (no gloves)
MR       .....                  (no boots)
Stlth    ..........             z - amulet of regeneration {+regen, !d}
HPRegen  0.60/turn              l - ring of wizardry {Wiz+, !d}
MPRegen  0.15/turn              g - ring of magical power {MP+9}

@: no status effects
A: no striking features
a: Renounce Religion


You were on level 4 of the Dungeon.
You worshipped Makhleb.
Makhleb was aware of your devotion.
You were not hungry.

You visited 1 branch of the dungeon, and saw 4 of its levels.

You collected 114 gold pieces.

Inventory:

Hand Weapons
 a - a +0 war axe (weapon)
Armour
 b - a +0 scale mail
 c - a +0 shield (worn)
 i - a +0 helmet (worn)
   (You found it on level 1 of the Dungeon)
 x - a +0 chain mail (worn)
   (You found it on level 3 of the Dungeon)
Jewellery
 g - a ring of magical power (right hand) {MP+9}
   (You found it on level 4 of the Dungeon)
 l - a ring of wizardry (left hand) {Wiz+, !d}
   (You found it on level 1 of the Dungeon)
 z - an amulet of regeneration (around neck) {+regen, !d}
   (You found it on level 4 of the Dungeon)
Wands
 y - a wand of digging (5)
   (You found it on level 3 of the Dungeon)
Scrolls
 d - a scroll of random uselessness {unknown}
 j - a scroll of enchant weapon {unknown}
 k - 4 scrolls of teleportation {unknown}
 m - a scroll of noise {unknown}
 n - a scroll of amnesia {unknown}
 o - 3 scrolls of remove curse
 q - 3 scrolls of identify
 r - 2 scrolls of fog {unknown}
 t - a scroll of fear {unknown}
Potions
 e - a potion of brilliance {unknown}
 h - a potion of heal wounds {unknown}
 p - a potion of ambrosia {unknown}
 s - 2 potions of curing {unknown}
 u - a potion of degeneration {unknown}
 v - a potion of invisibility {unknown}
 w - a potion of agility {unknown}
Comestibles
 f - 10 rations
 A - a chunk of flesh {@w0}


   Skills:
 + Level 5.5 Fighting
 * Level 7.0 Axes
 - Level 3.2 Armour
 + Level 5.0 Shields


You had 6 spell levels left.
You didn't know any spells.
Your spell library was empty.

Dungeon Overview and Level Annotations

Branches:
Dungeon (4/15)
 Temple: D:4-7

Altars:
Fedhas
Makhleb

Shops:
D:4 }

Annotations:
D:4 Menkaure


Message History

You take 1 damage, and have 55/56 hp.
You may need something to eat soon, looking for food.
Can't find anything matching that.
Okay, then.
You see here a great sword.
q - 3 scrolls of identify (gained 1)
o - 3 scrolls of remove curse (gained 1)
You are feeling very hungry.
Health restored: 56 A bullfrog skeleton comes into view.
A bullfrog skeleton is nearby!
You slash the bullfrog skeleton!
The bullfrog skeleton barely misses you.
The bullfrog skeleton hits you but does no damage.
You barely miss the bullfrog skeleton.
The bullfrog skeleton hits you but does no damage.
You slash the bullfrog skeleton!
The bullfrog skeleton hits you but does no damage.
The bullfrog skeleton barely misses you.
You slash the bullfrog skeleton!
You destroy the bullfrog skeleton!
Makhleb accepts your kill.
You can now gain health from killing.
Your Axes skill increases to level 7!
You have reached level 7!
Health restored: 61; MP restored: 16 An orc comes into view.
It is wielding a +0 flail.
You slash the orc!
You kill the orc!
Makhleb accepts your kill.
No target in view!
No target in view!
You may need something to eat soon, looking for food.
Can't find anything matching that.
Okay, then.
You now have 114 gold pieces (gained 6).
s - 2 dark potions (gained 1)
You open the door.
A goblin comes into view.
The goblin shouts!
An orc comes into view. It is wielding a +0 whip.
You hit the goblin.
You kill the goblin!
Makhleb accepts your kill.
You hit the orc. You block the orc's attack.
You slash the orc!
You kill the orc!
Makhleb accepts your kill.
No target in view!
No target in view!
You may need something to eat soon, looking for food.
Can't find anything matching that.
Okay, then.
There is an open door, spattered with blood here.
Things that are here:
a +0 whip; a goblin corpse Autochopping corpse.
You butcher the goblin corpse.
A - 3 chunks of flesh {@w0}
There is an open door, spattered with blood here.
Things that are here:
a +0 whip; a goblin skeleton Autoeating chunks.
Eating one of 3 chunks of flesh {@w0}.
You eat one of the 3 chunks of flesh {@w0}.
Eating one of 2 chunks of flesh {@w0}.
You eat one of the 2 chunks of flesh {@w0}.
Menkaure is too close now for your liking.
Menkaure shouts!
Menkaure sighs a few words.
Menkaure calls on the powers of darkness!
Your body is wracked with pain!
You take 29 damage, and have 32/61 hp.
MASSIVE DAMAGE!!
There is a stone staircase leading down here.
You start resting.
Menkaure is too close now for your liking.
You regained 6 hp, and now have 41/61 hp.
You block Menkaure's attack.
You barely miss Menkaure.
Menkaure calls on the powers of darkness!
Your body is wracked with pain!
You take 19 damage, and have 22/61 hp.
MASSIVE DAMAGE!!
You slash Menkaure! Menkaure barely misses you.
You hit Menkaure but do no damage.
Menkaure calls on the powers of darkness!
Your body is wracked with pain!
* * * LOW HITPOINT WARNING * * *
You take 10 damage, and have 13/61 hp.
You slash Menkaure!
Menkaure points at you and mumbles some strange words.
Pain shoots through your body!
* * * LOW HITPOINT WARNING * * *
You take 5 damage, and have 8/61 hp.
Your shield and chain mail prevent you from hitting Menkaure.
Menkaure gestures at you while chanting.
You struggle to resist.
You barely miss Menkaure. Menkaure hits you!
You die...

##########......................#
#.......#..#............. ##
##.......#................ .###
#........##............... ...###
#........##...............
##...###........###..............
###............##.#.............
##..........>#..#.............
###.........@M##.............
##.....)...###.............
#........## #.............
#####.....# #.............
#...#..###.............
#...###..##............. #...##
#..##............. ..##
##..#...........##
##..#.........##


You could see Menkaure.

Vanquished Creatures
  Sigmund (D:4)
  An orc priest (D:3)
  A bullfrog skeleton (D:4)
  2 worker ants (D:4)
  Natasha (twice) (D:2)
  A hound skeleton (D:4)
  2 adders
  An ooze (D:1)
  4 worms
  A leopard gecko (D:2)
  11 orcs
  A ball python (D:1)
  8 bats
  4 giant cockroaches
  10 goblins
  6 hobgoblins
  2 jackals (D:2)
  8 kobolds
  3 quokkas
  4 frilled lizards
  A jackal skeleton (D:4)
  7 rats
81 creatures vanquished.

Notes
Turn   | Place    | Note
-------+----------+-------------------------------------------
     0 | D:1      | Firecrotchwizard the Hill Orc Fighter began the quest for
                  | the Orb.
     0 | D:1      | Reached XP level 1. HP: 19/19 MP: 1/1
    63 | D:1      | Reached skill level 3 in Axes
    71 | D:1      | Reached XP level 2. HP: 25/27 MP: 2/2
   328 | D:1      | Reached skill level 4 in Fighting
   328 | D:1      | Reached XP level 3. HP: 27/33 MP: 3/3
   656 | D:2      | Reached skill level 4 in Axes
   820 | D:2      | Found a blossoming altar of Fedhas.
   908 | D:2      | Noticed Natasha
   912 | D:2      | Killed Natasha
   912 | D:2      | Reached XP level 4. HP: 41/41 MP: 4/4
   975 | D:2      | Reached skill level 4 in Shields
  1246 | D:2      | Noticed Natasha
  1253 | D:2      | Killed Natasha
  1253 | D:2      | Reached skill level 5 in Axes
  1321 | D:3      | Reached XP level 5. HP: 44/47 MP: 5/5
  1586 | D:3      | Found a burning altar of Makhleb.
  1592 | D:3      | Became a worshipper of Makhleb the Destroyer
  2222 | D:4      | Noticed Sigmund
  2233 | D:4      | Killed Sigmund
  2233 | D:4      | Reached skill level 5 in Fighting
  2233 | D:4      | Reached skill level 6 in Axes
  2233 | D:4      | Reached XP level 6. HP: 34/56 MP: 6/6
  2388 | D:4      | Found Wiwi's Gadget Shoppe.
  2449 | D:4      | Noticed Menkaure
  2622 | D:4      | Reached skill level 5 in Shields
  2680 | D:4      | Reached * piety under Makhleb
  2680 | D:4      | Reached skill level 7 in Axes
  2680 | D:4      | Reached XP level 7. HP: 61/61 MP: 7/7
  2891 | D:4      | HP: 13/61 [??? (10)]
  2894 | D:4      | Slain by Menkaure

Vault maps used:
D:1:      saegor_arrival_simple_d, serial_glass, glass_columns_b,
          glass_columns_a, hex_medium
D:2:      minmay_crystal_room, fedhas_altar_fruit_tree, uniq_natasha
D:3:      old_standard_altar, minmay_liquid_box, lemuel_old_faithful
D:4:      lightli_temple_of_fire, serial_shops, nicolae_shop_trees,
          corexii_checkpoint_a, kennysheep_minor_cross, item_on_display_a,
          uniq_menkaure, uniq_sigmund

Skill      XL: |  1  2  3  4  5  6 |
---------------+-------------------+-----
Axes           | 3 4 5 6 7 |  7.0
Fighting       | 4 5 |  5.5
Shields        | 4 5 |  5.0
Armour         | |  3.2

Action                   |  1- 3 |  4- 6 |  7- 9 || total
-------------------------+-------+-------+-------++-------
Melee: War axe           |    92 |   141 |    10 ||   243
  Use: Potion            |       |     1 |       ||     1
       Scroll            |       |     2 |       ||     2
  Eat: Chunk             |       |     5 |     2 ||     7
Armor: Scale mail        |    49 |    21 |       ||    70
       Chain mail        |       |    51 |       ||    51
Dodge: Dodged            |    34 |    30 |     1 ||    65
Block: Shield            |    45 |    65 |     2 ||   112

Table legend:
 A = Non-vault XP
 B = Vault XP
 C = Vault XP percentage of total XP
 D = Non-vault monster count
 E = Vault monster count
 F = Vault count percentage of total count
                 A         B        C        D         E       F
            +---------+---------+-------+---------+---------+-------
      Total |     377 |     260 |  40.8 |      77 |       4 |   4.9
            +---------+---------+-------+---------+---------+-------
        D:1 |      43 |       0 |   0.0 |      23 |       0 |   0.0
        D:2 |     100 |      33 |  24.8 |      29 |       1 |   3.3
        D:3 |      90 |       0 |   0.0 |      15 |       0 |   0.0
        D:4 |     144 |     227 |  61.2 |      10 |       3 |  23.1
            +---------+---------+-------+---------+---------+-------

Vault maps used:
D:1:      saegor_arrival_simple_d, serial_glass, glass_columns_b,
          glass_columns_a, hex_medium
D:2:      minmay_crystal_room, fedhas_altar_fruit_tree, uniq_natasha
D:3:      old_standard_altar, minmay_liquid_box, lemuel_old_faithful
D:4:      lightli_temple_of_fire, serial_shops, nicolae_shop_trees,
          corexii_checkpoint_a, kennysheep_minor_cross, item_on_display_a,
          uniq_menkaure, uniq_sigmund

Table legend:
 A = Turns spent in this place as a percentage of turns spent in the entire game.
 B = Non-inter-level travel turns spent in this place as a percentage of non-inter-level travel turns spent in the entire game.
 C = Inter-level travel turns spent in this place as a percentage of turns spent in this place.
 D = Turns resting spent in this place as a percentage of non-inter-level travel turns spent in this place.
 E = Turns spent auto-exploring this place as a percentage of non-inter-level travel turns spent in this place.
 F = Non-inter-level travel turns spent in this place divided by the number of levels of this place that you've seen.
                   A       B       C       D       E      F
               +-------+-------+-------+-------+-------+----------------------
         Total | 100.0 | 100.0 |   5.8 |  11.0 |  67.6 | 681.2
       Dungeon | 100.0 | 100.0 |   5.8 |  11.0 |  67.6 | 681.2
               +-------+-------+-------+-------+-------+----------------------

Table legend:
 A = Kills in this place as a percentage of kills in entire the game.
 B = Kills by you in this place as a percentage of kills by you in the entire game.
 C = Kills by friends in this place as a percentage of kills by friends in the entire game.
 D = Other kills in this place as a percentage of other kills in the entire game.
 E = Experience gained in this place as a percentage of experience gained in the entire game.
 F = Experience gained in this place divided by the number of levels of this place that you have seen.
                   A       B       C       D       E      F
               +-------+-------+-------+-------+-------+----------------------
         Total | 100.0 | 100.0 |   N/A |   N/A | 100.0 | 159.2
       Dungeon | 100.0 | 100.0 |   N/A |   N/A | 100.0 | 159.2
               +-------+-------+-------+-------+-------+----------------------
